Map: Jagannatha LE

Players

SNK

  • Race: Terran Terran
  • League: Diamond
  • Spawn Location: 7:00

Pumba - Winner!

  • Race: Zerg Zerg
  • League: Platinum
  • Spawn Location: 1:00

VOD

Have the link to the VOD?

Description

Time

  • Played on: Aug. 3, 2021, 8:53 p.m.
  • Length: 13:59
Show
View Real Time Build Order
Export as new Build Order

SNK Terran 

Build Orders: Reaper Expand 

Get SALT Encoding   

  12  0:00  SCV  
  13  0:13  SCV  
  14  0:17  Supply Depot  
  14  0:25  SCV  
  15  0:39  SCV  
  15  0:40  Barracks  
  16  0:47  Refinery  
  16  0:51  SCV  
  17  1:03  SCV  
  18  1:15  SCV  
  19  1:29  Orbital Command  
  19  1:30  Reaper  
  20  1:43  Command Center  
  20  1:57  SCV  
  20  1:58  Supply Depot  
  21  2:07  Marine  
  22  2:14  Factory  
  22  2:17  SCV  
  23  2:29  Marine  
  23  2:57  SCV  
  24  2:58  Marine  
  24  3:00  Factory Tech Lab  
  24  3:01  Starport  
  25  3:07  Refinery  
  25  3:09  Command Center  
  25  3:12  SCV  
  26  3:17  Supply Depot  
  26  3:23  Orbital Command  
  26  3:25  SCV  
  27  3:38  Siege Tank  
  30  3:42  SCV  
  30  3:45  Refinery  
  31  3:51  SCV  
  31  3:53  Starport Reactor  
  32  3:57  SCV  
  33  4:11  Barracks Reactor  
  33  4:13  SCV x2  
  33  4:14  Barracks  
  35  4:18  Supply Depot  
  35  4:19  Armory  
  36  4:25  Orbital Command  
  35  4:42  SCV x2  
  35  4:43  Refinery  
  37  4:45  Supply Depot  
  37  4:49  Engineering Bay  
  37  4:51  Siege Tank  
  39  5:02  Barracks Tech Lab  
  39  5:11  SCV x2  
  39  5:12  Marine x2  
  43  5:25  SCV x3  
  43  5:26  Supply Depot  
  46  5:29  Siege Tank  
  46  5:30  Supply Depot  
  46  5:34  Marauder  
  51  5:37  Stimpack  
  51  5:39  Marine  
  51  5:41  SCV  
  53  5:47  Terran Vehicle Weapons Level 1  
  53  5:51  SCV x2  
  53  5:52  Medivac  
  58  5:57  SCV  
  58  6:00  Liberator  
  61  6:06  Marine x2  
  61  6:07  Marauder  
  64  6:28  SCV x3  
  67  6:40  SCV  
  67  6:41  SCV x2  
  67  6:43  Marauder, Marine x2  
  74  6:49  Siege Tank  
  74  6:52  SCV  
  74  6:53  SCV x2  
  80  6:54  Supply Depot  
  80  6:57  Terran Infantry Weapons Level 1  
  80  7:00  Armory  
  80  7:02  Factory  
  80  7:11  Supply Depot  
  80  7:17  Supply Depot  
  80  7:20  Supply Depot  
  80  7:21  SCV x3  
  81  7:38  Siege Tank  
  81  7:39  Liberator, Medivac  
  81  7:41  Marauder, Marine x2  
  81  7:43  Combat Shield  
  90  8:02  Marine x2  
  90  8:03  Marauder  
  94  8:14  Siege Tank  
  93  8:26  Factory Tech Lab  
  91  8:27  Factory, Drilling Claws  
  91  8:38  Orbital Command  
  91  8:43  Marauder, Marine x2  
  95  8:51  Supply Depot, Terran Vehicle Weapons Level 2  
  95  8:53  Terran Vehicle And Ship Armor Level 1  
  95  8:57  Supply Depot  
  95  9:17  SCV x2  
  95  9:18  SCV  
  95  9:23  Siege Tank  
  101  9:25  Factory Reactor  
  101  9:26  Infernal Pre-Igniter  
  101  9:28  Command Center  
  101  9:29  SCV  
  73  9:45  Marauder, Marine x2  
  71  9:46  Siege Tank  
  71  9:50  Liberator  
  72  9:55  Siege Tank  
  75  10:02  Marine  
  75  10:09  Widow Mine x2  
  66  10:18  Siege Tank  
  66  10:27  Siege Tank  
  69  10:29  Command Center  
  69  10:33  Supply Depot  
  69  10:35  Liberator x2  
  69  10:36  Marine  
  69  10:37  Marauder, Marine  
  69  10:40  Widow Mine x2  
  83  10:44  Concussive Shells  
  83  10:49  Orbital Command  
  83  11:18  SCV x2  
  83  11:19  SCV  
  83  11:25  Marauder, Marine x2  
  89  11:27  Hellbat  
  89  11:28  Hellion x2, Hellbat  
  89  11:30  SCV  
  89  11:31  SCV x2  
  101  11:37  Refinery  
  101  11:39  Refinery  
  101  11:43  SCV x3, Marine  
  105  11:49  Supply Depot  
  105  11:50  Supply Depot  
  105  11:57  Marine x2  
  105  11:58  SCV  
  105  11:59  SCV x2  
  110  12:09  Command Center  
  110  12:10  SCV  
  110  12:11  SCV  
  102  12:31  Siege Tank x2  
  102  12:32  Widow Mine x2  
  76  13:03  Siege Tank  
Show
View Real Time Build Order
Export as new Build Order

Pumba Zerg - Winner!

Build Orders: Pool First, Roach Hydra 

Get SALT Encoding   

  12  0:00  Drone  
  13  0:13  Overlord  
  13  0:17  Drone  
  14  0:32  Drone  
  14  0:33  Drone  
  16  0:42  Drone  
  17  0:46  Spawning Pool  
  16  0:51  Drone  
  17  1:01  Drone  
  18  1:13  Hatchery  
  17  1:19  Drone, Extractor  
  17  1:24  Drone  
  18  1:30  Drone  
  19  1:34  Queen  
  21  1:40  Zergling x2  
  22  1:51  Overlord  
  22  2:09  Queen  
  24  2:22  Drone  
  25  2:23  Metabolic Boost, Drone  
  25  2:24  Drone  
  27  2:35  Overlord  
  27  2:37  Overlord  
  27  2:38  Drone  
  27  2:46  Drone x3  
  27  2:48  Drone  
  31  2:51  Drone  
  32  3:07  Drone x2  
  34  3:14  Roach Warren  
  34  3:15  Drone x2  
  35  3:21  Drone x3  
  35  3:22  Drone x2  
  35  3:23  Overlord  
  40  3:29  Zergling x2  
  41  3:38  Overlord  
  41  3:40  Drone x2  
  43  3:56  Drone x5  
  43  3:58  Drone, Hatchery  
  43  4:00  Overlord  
  48  4:14  Extractor  
  48  4:15  Lair, Extractor  
  48  4:16  Queen  
  48  4:17  Extractor  
  47  4:27  Drone x8  
  47  4:28  Overlord x2  
  55  4:39  Overlord  
  55  4:40  Overlord  
  55  4:41  Roach  
  57  4:59  Roach x7  
  73  5:00  Roach  
  73  5:10  Overlord x2  
  73  5:17  Glial Reconstitution  
  73  5:32  Overseer  
  73  5:41  Roach x12  
  97  5:54  Overlord x3  
  97  6:09  Roach  
  97  6:10  Roach x7  
  97  6:11  Overlord x2  
  112  6:37  Overlord  
  118  6:47  Roach x12  
  118  6:50  Zergling x2  
  137  6:55  Overlord  
  137  7:18  Hydralisk Den, Drone x4  
  137  7:19  Drone x4, Evolution Chamber  
  137  7:20  Evolution Chamber  
  142  7:25  Spore Crawler  
  142  7:27  Spore Crawler x2  
  133  7:46  Queen x3  
  133  7:50  Drone x9  
  133  7:51  Drone x2  
  150  7:59  Zerg Missile Weapons Level 1  
  150  8:00  Zerg Ground Armor Level 1  
  146  8:27  Drone x8  
  146  8:28  Drone  
  146  8:29  Grooved Spines  
  155  8:41  Extractor  
  155  8:43  Extractor  
  155  8:44  Spore Crawler  
  151  9:01  Overlord  
  151  9:02  Overlord x3  
  151  9:13  Hydralisk x9  
  169  9:20  Hatchery  
  169  9:22  Hydralisk x2  
  169  9:23  Hydralisk x3  
  150  9:39  Hydralisk x6  
  150  9:40  Muscular Augments  
  136  10:00  Drone x5  
  136  10:01  Drone  
  126  10:08  Drone x3  
  107  10:21  Zerg Missile Weapons Level 2  
  107  10:22  Zerg Ground Armor Level 2  
  107  10:37  Hydralisk x9  
  125  10:51  Extractor  
  125  10:52  Extractor  
  123  11:01  Drone x2  
  123  11:03  Hatchery  
  124  11:05  Extractor  
  124  11:10  Extractor  
  122  11:13  Hatchery  
  122  11:17  Roach x12  
  147  11:20  Roach  
  147  11:24  Overlord x2  
  149  12:02  Roach x2  
  149  12:03  Roach x9  
  149  12:04  Roach x6  
  149  12:05  Roach x3  
  149  12:07  Hydralisk x2  
  193  12:24  Overseer x2  
  193  12:25  Overseer  
  171  12:39  Hydralisk x6, Roach x6  
  163  13:23  Ravager x9  
Tags
 
Add a new tag
Caveats
  • Supply blocks, unpowered buildings, or Contaminate may cause inaccurate times.
  • Supply counts are checked every 10 seconds.